 Dungeon Crawl Stone Soup version 0.29-a0-824-gd827844252 (webtiles) character file.

Game seed: 785994951939150235

978 buhh the Insei (level 8, 0/54 HPs)
             Began as an Octopode Transmuter on July 9, 2022.
             Was an Initiate of Cheibriados.
             Slain by an orc warrior
             ... wielding a +0 long sword
              (20 damage)
             ... on level 6 of the Dungeon.
             The game lasted 00:06:10 (7887 turns).

buhh the Insei (Octopode Transmuter)                Turns: 7887, Time: 00:06:11

Health: 0/54       AC:  2    Str: 10    XL:     8   Next: 17%
Magic:  2/11       EV: 22    Int: 19    God:    Cheibriados [......]
Gold:   150        SH:  0    Dex: 18    Spells: 5/11 levels left

rFire   . . .      SeeInvis .     - Unarmed
rCold   . . .      Faith    .   (shield currently unavailable)
rNeg    . . .      Spirit   .   (helmet currently unavailable)
rPois   x          Reflect  .   (no amulet)
rElec   .          Harm     .   (no ring)
rCorr   .          Rampage  .   (no ring)
Will    .....                   (no ring)
Stlth   ++........              (no ring)
HPRegen 0.18/turn               (no ring)
MPRegen 0.12/turn               (no ring)
                                (no ring)
                                (no ring)

@: spider-form, wereblooded, very slightly contaminated, very slow
A: venomous fangs, almost no armour, (amphibious), 8 rings, tiny, (camouflage
1), (gelatinous body 1), (nimble swimmer 1), (tentacles)
a: End Transformation, Renounce Religion


You were on level 6 of the Dungeon.
You worshipped Cheibriados.
Cheibriados was noncommittal.
You were a venomous arachnid creature.
You visited 2 branches of the dungeon, and saw 7 of its levels.

You collected 186 gold pieces.
You spent 36 gold pieces at shops.

Inventory:

Missiles
 j - 12 poisoned darts
Scrolls
 i - a scroll of brand weapon
 m - 2 scrolls of amnesia {unknown}
 p - 2 scrolls of blinking {unknown}
 q - 3 scrolls of identify {!d}
 r - 2 scrolls of enchant weapon {unknown}
 s - a scroll of fear {unknown}
Potions
 b - a potion of mutation {unknown}
 c - a potion of haste {!q!d}
 d - 2 potions of invisibility {unknown}
 e - a potion of cancellation {unknown}
 f - a potion of ambrosia {unknown}
 g - a potion of magic {unknown}
 h - a potion of flight {unknown}
 k - 3 potions of heal wounds {unknown}
 l - a potion of degeneration {unknown}
 n - a potion of brilliance {unknown}
 o - 2 potions of lignification {!d}
 t - a potion of resistance {unknown}


   Skills:
 + Level 4.7 Fighting
 + Level 5.0 Dodging
 - Level 2.0 Stealth
 + Level 5.6 Unarmed Combat
 - Level 2.0 Spellcasting
 + Level 4.0 Transmutations
 - Level 1.0 Poison Magic


You had 5 spell levels left.
You knew the following spells:

 Your Spells              Type           Power      Damage    Failure   Level
a - Beastly Appendage     Tmut           34%        N/A       11%         1
b - Wereblood             Tmut           17%        N/A       14%         2
c - Spider Form           Tmut/Pois      11%        N/A       38%         3

Your spell library contained the following spells:

 Spells                   Type           Power      Damage    Failure   Level
 Ice Form                 Ice/Tmut       9%         N/A       78%         4


Dungeon Overview and Level Annotations

Branches:
Dungeon (6/15) Zot: 40018  Temple (1/1) D:5 Zot: 8779

Altars:
Ashenzari
Cheibriados
Dithmenos
Elyvilon
Gozag
Hepliaklqana
Kikubaaqudgha
Makhleb
Nemelex Xobeh
Okawaru
Qazlal
Ru
Sif Muna
Trog
Vehumet
Wu Jian
Xom
Yredelemnul
Zin
The Shining One

Shops:
D:3 *([:

Annotations:
D:3 1 runed translucent door, gobodom's ghost, amateur DsFi


Innate Abilities, Weirdness & Mutations

You are a venomous arachnid creature.
You have poisonous fangs.
You are tiny and dextrous.
Your spellcasting is less reliable in this form.
Your armour is entirely melded.
You are incapable of wielding weapons or throwing items.
You cannot wear most types of armour.
((You are amphibious.))
You can wear up to eight rings at the same time.
((Your skin changes colour to match your surroundings (Stealth+).))
((Your rubbery body absorbs attacks. (AC +1, EV +1)))
((You are camouflaged when in or above water. (Stealth+)))
((You have tentacles for arms and can constrict up to eight enemies at once.))


Message History

You hear the slow hiss of an avalanche of sand nearby.
There is a stone staircase leading up here.
You climb upwards.
There is a stone staircase leading down here.
There is a stone staircase leading up here.
Your extra speed is starting to run out.
You feel yourself slow down.
You start resting.
You start resting.
You start resting.
HP restored.
You start waiting.
Done waiting.
(D) Dungeon (T) Temple
Where to? (Enter - D:5 @ (x,y), ? - help)
Okay, then.
You turn into a venomous arachnid creature.
Your transformation is almost over.
Your blood is infused with primal strength.
Your transformation has ended.
There is a stone staircase leading down here.
You climb downwards.
You hear the hiss of flowing sand.
There is an entrance to an ossuary on this level.
Hurry and find it before the portal is buried!
You hear the quick hiss of a distant avalanche of sand.
The orc warrior hits you with a +0 long sword!!
There is a stone staircase leading up, spattered with blood here.
You miscast Spider Form.
You are very lightly contaminated with residual magic.
Nothing appears to happen.
The orc warrior hits you with a +0 long sword!
You turn into a venomous arachnid creature.
The orc warrior misses you.
You hit the orc warrior but do no damage.
The orc warrior is poisoned.
The orc warrior misses you.
You bite the orc warrior!
The orc warrior looks as sick as possible!
The orc warrior is moderately wounded.
The orc warrior hits you with a +0 long sword!!
You die...

*,,,...,,,,**** *,,
*###.###***********
#$....####**,,,,,,
#........#,,,,,***
#...#.##.#,,,,,,**
#.....##.#,,,,..,*
#..##.##.#,,,..*,,
#o.##.##.#,.#.,**,
#s..o....##..*****
#####.#####.#* *
#.#####.## ********
#.o.o|...####
******* *,,,,,,*
#..##.......#
,,,,,,****,****,*
#...).#..##.#
****,,,,**,****,*
##.##o......##
,,,,,,,,,,,,,,*,*
#.##.#..##...
,,,,,,,,,*,**,*,*
#.##o##.#*.#*


You could see an orc warrior (extremely poisoned) and an orc.

Vanquished Creatures
  An ogre (D:5)
  A black bear (D:6)
  A phantom (D:4)
  A kobold brigand (D:5)
  2 necrophages (D:4)
  A jelly (D:5)
  A hound (D:6)
  3 orc priests (D:4)
  An iguana (D:4)
  4 orc wizards
  Robin (D:2)
  8 adders
  2 white imps (D:6)
  2 ufetubi
  A worm (D:2)
  2 dart slugs
  34 orcs
  5 endoplasms
  A giant cockroach (D:3)
  10 goblins
  10 hobgoblins
  4 jackals (D:5)
  4 quokkas
  5 ball pythons
  3 bats
  6 frilled lizards
  15 kobolds
  4 rats
133 creatures vanquished.

Vanquished Creatures (others)
  2 fungi (D:2)
  4 plants (D:2)
6 creatures vanquished.

Grand Total: 139 creatures vanquished

Notes
Turn   | Place    | Note
-------+----------+-------------------------------------------
     0 | D:1      | buhh the Octopode Transmuter began the quest for the Orb.
     0 | D:1      | Reached XP level 1. HP: 13/13 MP: 3/3
   474 | D:1      | Reached XP level 2. HP: 18/18 MP: 3/5
  1259 | D:2      | Reached XP level 3. HP: 23/23 MP: 4/6
  1374 | D:2      | Found a faded altar of an unknown god.
  1465 | D:2      | Learned a level 2 spell: Wereblood
  1466 | D:2      | Noticed Robin
  1495 | D:2      | Reached XP level 4. HP: 13/29 MP: 5/7
  1523 | D:2      | Killed Robin
  2607 | D:2      | Learned a level 3 spell: Spider Form
  2919 | D:3      | Found Ilabagou's General Store.
  2924 | D:3      | Bought a scroll of teleportation for 36 gold pieces
  3039 | D:3      | Reached XP level 5. HP: 34/35 MP: 6/8
  3124 | D:3      | Found Idomuo's Weapon Emporium.
  3816 | D:3      | Noticed gobodom's ghost (amateur DsFi)
  3819 | D:3      | Found a runed translucent door.
  3822 | D:3      | Found Siownew's Armour Emporium.
  3826 | D:3      | Found Pejaeli's Book Shoppe.
  3832 | D:3      | Reached XP level 6. HP: 42/42 MP: 7/9
  3883 | D:3      | Identified the +0 robe "Ziattiowk" {+Blink rElec Regen+
                  | Str-3}
  4552 | D:4      | Found a glowing golden altar of the Shining One.
  4736 | D:4      | Found a broken altar of Ashenzari.
  4809 | D:4      | Found a stormy altar of Qazlal.
  4987 | D:4      | Reached XP level 7. HP: 14/47 MP: 10/10
  5562 | D:4      | Reached skill level 5 in Unarmed Combat
  5797 | D:4      | Found an ornate altar of the Wu Jian Council.
  5891 | D:5      | Entered Level 5 of the Dungeon
  6401 | D:5      | HP: 2/48 [orc/+0 trident (7)]
  6835 | D:5      | Found a staircase to the Ecumenical Temple.
  6843 | Temple   | Entered the Ecumenical Temple
  6981 | Temple   | Became a worshipper of Cheibriados the Contemplative
  7301 | D:5      | Reached XP level 8. HP: 47/54 MP: 11/11
  7480 | D:6      | Reached skill level 5 in Dodging
  7887 | D:6      | Slain by an orc warrior

Illustrated notes

Levels and vault maps discovered:
D:1:      scummos_arrival_simple_fountains, layout_basic
D:2:      layout_loops_corners, dreamdust_ecumenical_altar_grove,
          grunt_ministairs_10, uniq_robin
D:3:      layout_basic, hellmonk_ghost_happy_afterlife, serial_shops,
          nicolae_shop_hallway_plus, shop, nicolae_shop_hallway_plus,
          nicolae_shop_window_shopping, minmay_cut_off
D:4:      layout_basic, nicolae_overflow_hidden_temple, kennysheep_little_box,
          cheibrodos_ashenzari_chains,
          mainiacjoe_overflow_concentric_impassable, grunt_decor_one_mirror
D:5:      layout_basic, minmay_temple_entry_purple_smoke
D:6:      layout_loops_cross, serial_shops, shop_coins,
          nicolae_ossuary_entry_giza, skrybe_limestone_x,
          kennysheep_cluttered_room
Temple:   eino_temple_rhombus

Skill      XL: |  1  2  3  4  5  6  7  8 |
---------------+-------------------------+-----
Stealth        | 1 2 |  2.0
Poison Magic   | 1 |  1.0
Fighting       | 2 3 4 |  4.7
Dodging        | 3 4 5 |  5.0
Unarmed Combat | 4 5 |  5.6
Transmutations | 3 4 |  4.0
Spellcasting   | |  2.0

Action                   |  1- 3 |  4- 6 |  7- 9 || total
-------------------------+-------+-------+-------++-------
Melee: Unarmed           |    67 |   168 |   119 ||   354
       Kick              |    10 |    40 |    15 ||    65
       Constrict         |    10 |    30 |    11 ||    51
       Tentacles         |     9 |    30 |    11 ||    50
       Punch             |     2 |     4 |     2 ||     8
 Cast: Beastly Appendage |    18 |    33 |    14 ||    65
       Wereblood         |     1 |     1 |     7 ||     9
       Spider Form       |       |     3 |    10 ||    13
  Use: Scroll            |     2 |       |     3 ||     5
       Potion            |     1 |     4 |     4 ||     9
 Stab: Sleeping          |     7 |     4 |     3 ||    14
Armor: Skin              |    56 |    28 |     4 ||    88
Dodge: Dodged            |    33 |   103 |    85 ||   221

Table legend: (Time is in decaauts)
 A = Elapsed time spent in this place.
 B = Non-inter-level travel time spent in this place.
 C = Inter-level travel time spent in this place.
 D = Time resting spent in this place.
 E = Time spent auto-exploring this place.
 F = Levels seen in this place.
 G = Mean time per level.
                   A        B        C        D        E       F      G
               +--------+--------+--------+--------+--------+-----+--------+
         Total |   7948 |   7796 |    152 |    807 |   5967 |   7 | 1135.4 |
       Dungeon |   7795 |   7656 |    139 |    807 |   5844 |   6 | 1299.2 |
        Temple |    152 |    139 |     13 |      0 |    123 |   1 |  152.0 |
               +--------+--------+--------+--------+--------+-----+--------+

Top non-repeatable levels by time:
     D:5: 1803 daAuts
     D:4: 1627 daAuts
     D:3: 1596 daAuts
     D:2: 1458 daAuts
     D:1: 1191 daAuts
  Temple: 152 daAuts
     D:6: 119 daAuts
